 Dungeon Crawl Stone Soup version 0.16.2-2-g470672f (webtiles) character file.

74 Tegg the Shooter (level 4, -3/29 HPs)
             Began as a High Elf Hunter on Sept 4, 2015.
             Slain by Crazy Yiuf
             ... wielding a +4 quarterstaff of chaos
              (11 damage)
             ... on level 2 of the Dungeon.
             The game lasted 00:12:15 (1797 turns).

Tegg the Shooter (High Elf Hunter)                  Turns: 1797, Time: 00:12:15

Health: -3/29      AC:  4    Str: 11    XL:     4   Next: 9%
Magic:  7/7        EV: 12    Int: 15    God:
Gold:   31         SH:  0    Dex: 16    Spells: 0 memorised, 3 levels left

rFire  . . .     SeeInvis .     q - -1 hammer (curse)
rCold  . . .     Clarity  .     d - +0 leather armour
rNeg   . . .     SustAb   .     (no shield)
rPois  .         Gourm    .     (no helmet)
rElec  .         Spirit   .     (no cloak)
rCorr  .         Warding  .     s - +0 pair of gloves
rMut   .         Stasis   .     (no boots)
MR     .....                    (no amulet)
Stlth  +.........               (no ring)
                                (no ring)

@: drained, not resistant to hostile enchantments, very unstealthy
A: no striking features
a: no special abilities


You were on level 2 of the Dungeon.
You were not hungry.

You visited 1 branch of the dungeon, and saw 2 of its levels.

You collected 31 gold pieces.

Inventory:

Hand weapons
 b - a +1 shortbow
 q - a cursed -1 hammer (weapon)
 t - a +0 spear
Armour
 d - a +0 leather armour (worn)
 s - a +0 pair of gloves (worn)
Scrolls
 e - 2 scrolls of remove curse {unknown}
 g - a scroll of fog {unknown}
 h - a scroll of amnesia {unknown}
 i - a scroll of enchant weapon {unknown}
 m - a scroll of teleportation {unknown}
 n - a scroll of noise {unknown}
 o - a scroll of magic mapping {unknown}
Potions
 a - a potion of poison {unknown}
 j - a potion of agility {unknown}
 k - a potion of curing
 p - a potion of restore abilities {unknown}
 r - a potion of cancellation {unknown}
Comestibles
 f - 3 bread rations
 l - a beef jerky


   Skills:
 - Level 2.0(1.6) Fighting
   Level 0.2(0.0) Short Blades
 - Level 0.8(0.5) Polearms
 * Level 6.8(6.3) Bows
 + Level 0.6(0.3) Armour
 + Level 2.5(2.2) Dodging
 - Level 1.1(0.7) Stealth


You had 3 spell levels left.
You didn't know any spells.

Dungeon Overview and Level Annotations

Branches:
Dungeon (2/15)

Altars:

Annotations:
D:2 Crazy Yiuf


Message History

You see here a dagger.
Crazy Yiuf cries, "You leg down broken song, no?"
Crazy Yiuf yells, "Trifle light water!"
Crazy Yiuf yells, "Proton poople spinner!"
Crazy Yiuf twirls on the spot.
Crazy Yiuf glowers.
You see here a hand axe.
Crazy Yiuf laughs, "East!"
Crazy Yiuf laughs, "You!"
Crazy Yiuf screams, "Announcement sow ladder!"
You see here a hand axe.
You hit Crazy Yiuf but do no damage.
Crazy Yiuf is heavily wounded.
Crazy Yiuf closely misses you.
Crazy Yiuf whimpers, "Blight seventy disdain!"
You barely miss Crazy Yiuf.
Crazy Yiuf is heavily wounded.
Crazy Yiuf whimpers, "Spliff tea testudinal!"
Crazy Yiuf hits you with a quarterstaff of chaos!
You die...

##..# #...# #####........ .##.#
#...# #............ .##.# #...#
#............ .##.#
#...#####........#### ..#.#
#...............#.###
#.#.#########...#####........###.
#...........................####.
#...#............................
......#.......)g@.....##....####.
#...###.#####...#####.#####.# #.
(...###.# #.........#####.# ##
##......# #...#####.......#
##.##### #...# #######.# #.#
#...##### #.# ###.#
####....[..#######.#
....######..................#
#####......##....##...####..#####


You could see Crazy Yiuf.

Vanquished Creatures
  Ijyb (D:2)
  2 adders (D:2)
  2 worms (D:2)
  An ooze (D:2)
  3 bats (D:1)
  A giant cockroach (D:1)
  A goblin (D:1)
  2 hobgoblins
  6 jackals
  2 giant newts
  4 kobolds
  3 rats
28 creatures vanquished.

Notes
Turn   | Place    | Note
--------------------------------------------------------------
     0 | D:1      | Tegg, the High Elf Hunter, began the quest for the Orb.
     0 | D:1      | Reached XP level 1. HP: 14/14 MP: 2/2
   332 | D:1      | Reached XP level 2. HP: 19/19 MP: 3/3
   506 | D:1      | Reached skill level 6 in Bows
   911 | D:2      | Noticed Ijyb
   955 | D:2      | Killed Ijyb
   955 | D:2      | Reached XP level 3. HP: 10/24 MP: 5/5
  1489 | D:2      | Reached XP level 4. HP: 29/29 MP: 7/7
  1698 | D:2      | Noticed Crazy Yiuf
  1719 | D:2      | HP: 1/29 [Crazy Yiuf/quarterstaff of chaos (9)]
  1797 | D:2      | Slain by Crazy Yiuf

Action                   |  1- 3 |  4- 6 || total
-------------------------+-------+-------++-------
Melee: Short sword       |    15 |       ||    15
       Spear             |    39 |       ||    39
       Hammer            |       |     3 ||     3
 Fire: Shortbow          |    79 |     8 ||    87
  Use: Potion            |       |     1 ||     1
  Eat: Meat ration       |     1 |       ||     1
